 Dungeon Crawl Stone Soup version 0.22.0-18-ge075c0d (webtiles) character file.

358 brik the Twirler (level 6, -7/50 HPs)
             Began as a Minotaur Gladiator on Aug 18, 2018.
             Blown up by Ijyb (14 damage)
             ... with a wand of disintegration (17)
             ... on level 3 of the Dungeon.
             The game lasted 00:04:42 (1969 turns).

brik the Twirler (Minotaur Gladiator)               Turns: 1969, Time: 00:04:42

Health: -7/50      AC: 10    Str: 18    XL:     6   Next: 37%
Magic:  5/5        EV:  8    Int:  6    God:
Gold:   216        SH:  0    Dex: 13    Spells: 5/5 levels left

rFire    . . .     SeeInvis .   p - -1 mace (curse)
rCold    . . .     Gourm    .   (no shield)
rNeg     . . .     Faith    .   l - +0 chain mail
rPois    .         Spirit   .   c - +1 hat
rElec    .         Reflect  .   (no cloak)
rCorr    .         Harm     .   (no gloves)
MR       .....                  (no boots)
Stlth    ..........             (no amulet)
HPRegen  0.16/turn              (no ring)
MPRegen  0.09/turn              (no ring)

@: no status effects
A: retaliatory headbutt, horns 2
a: no special abilities


You were on level 3 of the Dungeon.
You were hungry.

You visited 1 branch of the dungeon, and saw 3 of its levels.

You collected 216 gold pieces.

Inventory:

Hand Weapons
 a - a +0 quarterstaff
 p - a cursed -1 mace (weapon)
Missiles
 d - 3 throwing nets (quivered)
 q - 6 javelins of penetration
 t - 2 steel tomahawks
Armour
 b - a +0 leather armour
 c - a +1 hat (worn)
 l - a +0 chain mail (worn)
Wands
 r - a wand of polymorph (13)
Scrolls
 i - 2 scrolls of immolation
 n - 2 scrolls of identify
 s - a scroll of amnesia {unknown}
Potions
 e - a potion of lignification
 h - a potion of might {unknown}
 j - 2 potions of invisibility
 k - a potion of haste
 m - 3 potions of heal wounds
 o - a potion of curing {unknown}
Comestibles
 f - 5 rations
 g - 12 chunks of flesh


   Skills:
 - Level 2.4 Fighting
 + Level 7.8 Staves
 - Level 2.0 Throwing
 + Level 3.6 Armour
 - Level 3.2 Dodging


You had 5 spell levels left.
You didn't know any spells.
Your spell library was empty.

Dungeon Overview and Level Annotations

Branches:
Dungeon (3/15)

Altars:
Qazlal

Annotations:
D:3 Ijyb


Innate Abilities, Weirdness & Mutations

You reflexively headbutt those who attack you in melee.
You have a pair of horns on your head.


Message History

The goblin hits you but does no damage. Ijyb hits you but does no damage.
The goblin closely misses you.
You barely miss Ijyb. You headbutt Ijyb!
Ijyb is severely wounded.
The goblin barely misses you. You furiously retaliate!
You headbutt the goblin.
You kill the goblin!
Ijyb zaps a wand.
You are blasted!
The goblin hits you but does no damage.
You are feeling hungry.
You see here a stone.
Ijyb zaps a wand.
You are blasted!
* * * LOW HITPOINT WARNING * * *
There is a large open door here.
You see here a stone.
The jackal barks!
There is an open door here.
You closely miss the jackal. You headbutt the jackal.
You kill the jackal!
Ijyb zaps a wand.
You barely resist.
Ijyb zaps a wand.
You are blasted!
You die...

#...#..#,,,#.g≈≈≈#.#
#...#..#########≈≈(#
#...#..........#≈≈.#
#...#..........'...#
#...#......)...'...#
#)..#..........'...#
#.(g#..........#≈≈##
#'(##..#########≈≈#
#....g.#@..#..≈≈≈##
#.....g†..(').≈≈≈#
#......#...#..≈≈##
#################


You could see Ijyb.

Vanquished Creatures
  Grinder (D:3)
  An orc priest (D:2)
  Terence (D:2)
  An adder (D:2)
  An ooze (D:3)
  2 worms (D:3)
  2 dart slugs (D:2)
  5 leopard geckos (D:2)
  7 orcs
  9 bats
  4 giant cockroaches
  9 goblins
  7 hobgoblins
  13 jackals
  4 kobolds
  3 frilled lizards
  4 rats
74 creatures vanquished.

Notes
Turn   | Place    | Note
-------+----------+-------------------------------------------
     0 | D:1      | brik the Minotaur Gladiator began the quest for the Orb.
     0 | D:1      | Reached XP level 1. HP: 18/18 MP: 0/0
    54 | D:1      | Reached skill level 4 in Staves
   125 | D:1      | Reached XP level 2. HP: 25/25 MP: 1/1
   430 | D:1      | Reached skill level 5 in Staves
   624 | D:2      | Reached XP level 3. HP: 30/30 MP: 2/2
   644 | D:2      | Noticed Terence
   655 | D:2      | Killed Terence
   945 | D:2      | Reached XP level 4. HP: 37/37 MP: 3/3
   954 | D:2      | Reached skill level 6 in Staves
  1617 | D:3      | Found a stormy altar of Qazlal.
  1657 | D:3      | Reached XP level 5. HP: 42/42 MP: 4/4
  1673 | D:3      | Reached skill level 1 in Armour
  1704 | D:3      | Noticed Grinder
  1725 | D:3      | Killed Grinder
  1725 | D:3      | Reached skill level 7 in Staves
  1725 | D:3      | Reached XP level 6. HP: 35/50 MP: 5/5
  1950 | D:3      | Noticed Ijyb
  1969 | D:3      | Blown up by Ijyb

Skill      XL: |  1  2  3  4  5 |
---------------+----------------+-----
Staves         | 4 5 6 7 |  7.8
Armour         | 3 |  3.6
Fighting       | |  2.4
Throwing       | |  2.0
Dodging        | |  3.2

Action                   |  1- 3 |  4- 6 || total
-------------------------+-------+-------++-------
Melee: Quarterstaff      |    49 |       ||    49
       Headbutt          |     6 |    19 ||    25
       Mace              |     7 |    94 ||   101
  Use: Scroll            |     8 |     2 ||    10
 Stab: Sleeping          |       |     1 ||     1
  Eat: Chunk             |       |     3 ||     3
Armor: Leather armour    |    10 |     3 ||    13
       Chain mail        |       |    58 ||    58
Dodge: Dodged            |    40 |    55 ||    95
